 Dungeon Crawl Stone Soup version 0.30.0-18-gf1372a6a44 (webtiles) character file.

Game seed: 3306761328778532382

79 qw the Chopper (level 4, -5/28 HPs)
             Began as a Gargoyle Fighter on May 21, 2023.
             Killed from afar by Grinder (12 damage)
             ... with a bolt of dispelling energy
             ... on level 3 of the Dungeon.
             The game lasted 00:00:52 (1831 turns).

qw the Chopper (Gargoyle Fighter)                   Turns: 1831, Time: 00:00:52

Health: -5/28      AC: 13    Str: 22    XL:     4   Next: 38%
Magic:  4/4        EV:  8    Int:  8    God:
Gold:   165        SH:  4    Dex:  9    Spells: 3/3 levels left

rFire   . . .        Y - +0 war axe
rCold   . . .        c - +0 buckler
rNeg    + . .        e - +0 chain mail
rPois   inf          (no helmet)
rElec   +            (no cloak)
rCorr   .            (no gloves)
SInv    .            k - +0 pair of boots
Will    .....        (no amulet) Stlth
                     (no ring)
HPRegen 0.24/turn    (no ring)
MPRegen 0.09/turn

%: no passive effects
@: no status effects
A: sickness immunity, AC +3, negative energy resistance 1, electricity
resistance, torment resistance 1, petrification resistance
a: no special abilities


You were on level 3 of the Dungeon.
You visited 1 branch of the dungeon, and saw 3 of its levels.

You collected 165 gold pieces.


Innate Abilities, Weirdness & Mutations

You are immune to sickness and miasma.
Your stone body is resilient. (AC +3)
You are immune to poison.
You resist negative energy. (rN+)
You are resistant to electric shocks. (rElec)
You are resistant to unholy torment.
You are immune to petrification.


   Skills:
 - Level 3.2 Fighting
 + Level 4.1 Axes
 - Level 3.2 Armour
 - Level 3.2 Shields


You had 3 spell levels left.
You didn't know any spells.
Your spell library was empty.

Inventory:

Hand Weapons
 g - a +0 whip
 Y - a +0 war axe (weapon)
Armour
 c - a +0 buckler (worn)
 e - a +0 chain mail (worn)
 k - a +0 pair of boots (worn)
Potions
 d - a potion of might
 f - a potion of lignification {unknown}
 h - 2 potions of curing
 i - a potion of heal wounds {unknown}

Dungeon Overview and Level Annotations

Branches:
Dungeon (3/15)

Altars:

Annotations:
D:3 Grinder


Message History

The frilled lizard barely misses you.
Grinder shouts!
You hit the frilled lizard.
You kill the frilled lizard!
Grinder zaps a wand.
The bolt of dispelling energy hits you!
1823 ||| Stepping ~*~*~tactically~*~*~ (hiding).
You start resting.
Grinder is nearby!
An endoplasm comes into view.
The endoplasm quivers.
Grinder gestures at you.
You suddenly lose the ability to move!
Grinder zaps a wand.
The bolt of dispelling energy hits you.
Your magical effects are unravelling.
You can move again.
An endoplasm comes into view.
Grinder zaps a wand.
The bolt of dispelling energy misses you.
You see here a frilled lizard corpse.
You slash Grinder!
Grinder is moderately wounded.
You hit the endoplasm.
Grinder zaps a wand.
The bolt of dispelling energy misses you.
You block the endoplasm's attack. The endoplasm freezes you.
You are frozen.
Grinder gestures at you. Pain shoots through your body!
You closely miss Grinder.
Grinder is moderately wounded.
You hit the endoplasm. Grinder barely misses you. The endoplasm freezes you.
You are frozen.
You slash the endoplasm!
You kill the endoplasm!
You slash Grinder!
Grinder zaps a wand.
The bolt of dispelling energy hits you!
You die...

#. #.##.# #.......
###...... .###...#..J#
...........# ## ##
...........# ..
.######........5...##.#
..<......# #...@)....#
.#.####... #####..####
##.# ######...# ##.#
#........# ##.#
######...# ##.# #...#
##.. #...# ....
############...#####
...##.#...#..............


You could see Grinder and an endoplasm.

Vanquished Creatures
  3 adders (D:2)
  A dart slug (D:1)
  An orc (D:3)
  5 endoplasms
  A giant cockroach (D:1)
  5 goblins
  2 hobgoblins
  6 jackals (D:1)
  5 kobolds
  2 quokkas
  5 ball pythons
  3 bats
  6 frilled lizards
  A rat (D:1)
46 creatures vanquished.

Notes
Turn   | Place    | Note
-------+----------+-------------------------------------------
     0 | D:1      | qw the Gargoyle Fighter began the quest for the Orb.
     0 | D:1      | Reached XP level 1. HP: 14/14 MP: 1/1
     0 | D:1      | 0 ||| qw: Version: 0.2-a-98-g16b38d9
     0 | D:1      | 0 ||| qw: Game counter: 4
     0 | D:1      | 0 ||| qw: Always use a shield: true
     0 | D:1      | 0 ||| qw: God list: Okawaru
     0 | D:1      | 0 ||| qw: Allow faded altars: false
     0 | D:1      | 0 ||| qw: Do Orc after D:15 true
     0 | D:1      | 0 ||| qw: Do second Lair branch before Depths: true
     0 | D:1      | 0 ||| qw: Lair rune preference: random
     0 | D:1      | 0 ||| qw: Plans: Normal, Zot:1-4, God:TSO, Crypt, Tomb,
                  | Pan, Slime:5, Hells, Abyss, Win
     0 | D:1      | 0 ||| PLANNING D:1-11
    31 | D:1      | Reached skill level 2 in Axes
   245 | D:1      | Reached XP level 2. HP: 19/19 MP: 2/2
   749 | D:1      | Reached skill level 3 in Axes
   808 | D:1      | Reached XP level 3. HP: 23/23 MP: 3/3
  1110 | D:1      | 1110 ||| Stepping ~*~*~tactically~*~*~ (stealth).
  1260 | D:1      | 1260 ||| UPGRADING to +0 chain mail.
  1270 | D:1      | 1270 ||| DROPPING +0 scale mail.
  1271 | D:1      | 1271 ||| UPGRADING to +0 pair of boots.
  1276 | D:1      | 1276 ||| READING scroll labelled REAH VUNAMUPE.
  1277 | D:1      | 1277 ||| DRINKING 2 smoky orange potions.
  1331 | D:2      | 1331 ||| STAIRDANCE
  1410 | D:2      | 1410 ||| Stepping ~*~*~tactically~*~*~ (stealth).
  1462 | D:2      | 1462 ||| Stepping ~*~*~tactically~*~*~ (hiding).
  1468 | D:2      | Reached XP level 4. HP: 25/28 MP: 4/4
  1470 | D:2      | 1470 ||| Stepping ~*~*~tactically~*~*~ (stealth).
  1473 | D:2      | 1473 ||| Stepping ~*~*~tactically~*~*~ (stealth).
  1474 | D:2      | 1474 ||| Stepping ~*~*~tactically~*~*~ (stealth).
  1475 | D:2      | 1475 ||| Stepping ~*~*~tactically~*~*~ (stealth).
  1476 | D:2      | 1476 ||| Stepping ~*~*~tactically~*~*~ (stealth).
  1529 | D:2      | 1529 ||| Stepping ~*~*~tactically~*~*~ (hiding).
  1616 | D:2      | Reached skill level 4 in Axes
  1685 | D:2      | 1685 ||| READING scroll labelled GUNAOJ NY YCHYOPT.
  1686 | D:2      | 1686 ||| READING scroll labelled HEFRUE EDAR.
  1690 | D:2      | 1690 ||| READING scroll labelled RAIQOV BOMIACE.
  1691 | D:2      | 1691 ||| READING scroll labelled EGAYCLO CAIROT.
  1692 | D:2      | 1692 ||| READING scroll labelled TISADE UCZEREI.
  1821 | D:3      | Noticed Grinder
  1823 | D:3      | 1823 ||| Stepping ~*~*~tactically~*~*~ (hiding).
  1826 | D:3      | Paralysed by Grinder for 4 turns
  1830 | D:3      | HP: 7/28 [frozen (2)]
  1831 | D:3      | Killed from afar by Grinder

Levels and vault maps discovered:
D:1:      roderic_octagonal_star, layout_basic, serial_co_window_serial,
          co_window_of_opportunity_a, co_window_paths_b,
          co_window_of_opportunity_a, co_window_cross_1, co_window_corner_a,
          co_window_corner_a, co_window_paths_a, co_window_corner_a,
          co_window_paths_a, co_window_of_opportunity_c,
          co_window_of_opportunity_b, co_window_corner_ca, co_window_4corner_a,
          glass_columns_c, glass_columns_c, glass_columns_c
D:2:      layout_rooms
D:3:      layout_loops_cross, mainiacjoe_overflow_alcove_2,
          kennysheep_generic_room_13, uniq_grinder

Skill      XL: |  1  2  3  4 |
---------------+-------------+-----
Axes           | 2 3 4 |  4.1
Fighting       | |  3.2
Armour         | |  3.2
Shields        | |  3.2

Action                     |  1- 3 |  4- 6 || total
---------------------------+-------+-------++-------
  Melee: War axe           |   100 |    47 ||   147
    Use: Scroll            |     1 |     5 ||     6
         Potion            |     1 |       ||     1
 Armour: Scale mail        |    39 |       ||    39
         Chain mail        |    25 |    30 ||    55
  Dodge: Dodged            |    47 |    25 ||    72
  Block: Buckler           |    24 |     7 ||    31

Table legend:
 A = Non-vault XP
 B = Vault XP
 C = Vault XP percentage of total XP
 D = Non-vault monster count
 E = Vault monster count
 F = Vault count percentage of total count
                 A         B        C        D         E       F
            +---------+---------+-------+---------+---------+-------
      Total |     116 |       0 |   0.0 |      46 |       0 |   0.0
            +---------+---------+-------+---------+---------+-------
        D:1 |      47 |       0 |   0.0 |      26 |       0 |   0.0
        D:2 |      59 |       0 |   0.0 |      15 |       0 |   0.0
        D:3 |      10 |       0 |   0.0 |       5 |       0 |   0.0
            +---------+---------+-------+---------+---------+-------
